 Dungeon Crawl Stone Soup version 0.31-a0-164-g2312942fda (webtiles) character file.

Game seed: 1681526098895706416

72 qw the Shooter (level 4, 0/28 HPs)
             Began as a Gargoyle Hunter on June 13, 2023.
             Slain by Sigmund
             ... wielding a +0 scythe
              (9 damage)
             ... on level 2 of the Dungeon.
             The game lasted 00:00:37 (1360 turns).

qw the Shooter (Gargoyle Hunter)                    Turns: 1360, Time: 00:00:38

Health: 0/28       AC:  6    Str: 14    XL:     4   Next: 25%
Magic:  4/4        EV: 11    Int: 10    God:
Gold:   65         SH:  0    Dex: 15    Spells: 3/3 levels left

rFire   . . .        Y - +0 shortbow
rCold   . . .        (shield currently unavailable)
rNeg    + + .        c - +0 leather armour
rPois   inf          (no helmet)
rElec   +            (no cloak)
rCorr   .            (no gloves)
SInv    .            (no boots)
Will    .....        (no amulet)
Stlth   ++           j - ring of positive energy
HPRegen 0.24/turn    (no ring)
MPRegen 0.09/turn

%: no passive effects
@: no status effects
A: sickness immunity, AC +3, negative energy resistance 1, electricity
resistance, torment resistance 1, petrification resistance
a: no special abilities


You were on level 2 of the Dungeon.
You visited 1 branch of the dungeon, and saw 2 of its levels.

You collected 65 gold pieces.


Innate Abilities, Weirdness & Mutations

You are immune to sickness and miasma.
Your stone body is resilient. (AC +3)
You are immune to poison.
You resist negative energy. (rN+)
You are resistant to electric shocks. (rElec)
You are resistant to unholy torment.
You are immune to petrification.


   Skills:
 - Level 3.0 Fighting
 + Level 5.3 Ranged Weapons
 - Level 1.5 Dodging
 - Level 1.1 Stealth


You had 3 spell levels left.
You didn't know any spells.
Your spell library was empty.

Inventory:

Hand Weapons
 Y - a +0 shortbow (weapon)
Armour
 c - a +0 leather armour (worn)
Jewellery
 j - a ring of positive energy (left hand)
Scrolls
 a - a scroll of identify
 b - a scroll of torment {unknown}
 e - a scroll of vulnerability {unknown}
 k - a scroll of teleportation {unknown}
Potions
 d - a potion of magic
 f - a potion of curing {unknown}
 g - a potion of brilliance {unknown}
 h - 2 potions of resistance {unknown}
 i - a potion of heal wounds

Dungeon Overview and Level Annotations

Branches:
Dungeon (2/15)

Altars:

Annotations:
D:2 Sigmund


Message History

The arrow closely misses the frilled lizard.
The bat barely misses you.
You shoot an arrow. The arrow misses the bat.
The bat hits you but does no damage.
You shoot an arrow.
The arrow closely misses the frilled lizard.
The arrow hits the dart slug!
The dart slug is severely wounded.
The bat hits you.
You shoot an arrow.
The arrow closely misses the frilled lizard.
The arrow completely misses the dart slug.
The bat barely misses you. The frilled lizard bites you.
You shoot an arrow. The arrow hits the frilled lizard!
You kill the frilled lizard!
The bat hits you but does no damage.
You shoot an arrow. The arrow hits the bat.
You kill the bat!
The dart slug launches a dart at you.
The slug dart hits something.
Something hits you but does no damage.
You shoot an arrow. The dart slug launches a dart at you.
The slug dart hits something.
Something hits you.
You shoot an arrow. The arrow hits the dart slug.
The dart slug is almost dead.
The dart slug launches a dart at you.
The slug dart hits something.
A magic dart appears from out of thin air!
The magic dart hits you.
You shoot an arrow. The arrow hits the dart slug.
You kill the dart slug!
You hear some strange, mumbled words.
A puff of flame appears from out of thin air!
The puff of flame hits you!
You shoot an arrow. Something hits you.
You shoot an arrow. You shoot an arrow. Something hits you!
You die...

###. #¤¤....~# #...
#~.~¤~.~# #.#.
+...~?..+ ###.#.
~.~.~.~###### #.<...
..%.. #....# #.#.##
~{~ #....# #.#...
###%####.#..###.####
#..@#.#.........##>.
#.......##..######.#
#####.#.##..# #.#
#.......# #.#
######### #.# #.#
#.. ### ##


There were no monsters in sight!

Vanquished Creatures
  An adder (D:2)
  2 dart slugs (D:2)
  5 ball pythons
  3 endoplasms
  5 giant cockroaches
  6 hobgoblins
  3 jackals (D:1)
  A kobold (D:1)
  5 quokkas
  6 bats
  5 frilled lizards
  4 goblins
  6 rats
52 creatures vanquished.

Notes
Turn   | Place    | Note
-------+----------+-------------------------------------------
     0 | D:1      | qw the Gargoyle Hunter began the quest for the Orb.
     0 | D:1      | Reached XP level 1. HP: 12/12 MP: 1/1
     0 | D:1      | 0 ||| qw: Version: 0.2-a-29-gc1b59c4
     0 | D:1      | 0 ||| qw: Game counter: 4482
     0 | D:1      | 0 ||| qw: Always use a shield: true
     0 | D:1      | 0 ||| qw: God list: Okawaru
     0 | D:1      | 0 ||| qw: Allow faded altars: false
     0 | D:1      | 0 ||| qw: Do Orc after D:15 true
     0 | D:1      | 0 ||| qw: Do second Lair branch before Depths: true
     0 | D:1      | 0 ||| qw: Lair rune preference: random
     0 | D:1      | 0 ||| qw: Plans: Normal, Zot:1-4, Slime:5, God:TSO, Crypt,
                  | Tomb, Abyss, Pan, Hells, Win
     0 | D:1      | 0 ||| PLANNING D:1-11
    58 | D:1      | Reached XP level 2. HP: 17/17 MP: 2/2
   107 | D:1      | 107 ||| FLEEEEING.
   108 | D:1      | 108 ||| FLEEEEING.
   181 | D:1      | Reached XP level 3. HP: 21/21 MP: 3/3
   359 | D:1      | Reached skill level 5 in Ranged Weapons
   854 | D:1      | 854 ||| UPGRADING to ring of positive energy.
   855 | D:1      | 855 ||| READING 3 scrolls labelled OCSAWY RESCH.
   856 | D:1      | 856 ||| READING scroll labelled SYDACE GEBBI.
   857 | D:1      | 857 ||| DRINKING 2 smoky silvery potions.
   858 | D:1      | 858 ||| READING 2 scrolls of identify.
   858 | D:1      | 858 ||| IDENTIFYING inky potion
   859 | D:1      | 859 ||| DROPPING scroll of butterflies.
  1089 | D:2      | Reached skill level 3 in Fighting
  1299 | D:2      | Reached XP level 4. HP: 24/28 MP: 4/4
  1347 | D:2      | Noticed Sigmund
  1360 | D:2      | Slain by Sigmund

Levels and vault maps discovered:
D:1:      psy_arrival_whirlpool, layout_loops_ring
D:2:      layout_loops_cross, kennysheep_generic_room_10, uniq_sigmund

Skill      XL: |  1  2  3 |
---------------+----------+-----
Ranged Weapons | 5 |  5.3
Fighting       | 3 |  3.0
Dodging        | |  1.5
Stealth        | |  1.1

Action                     |  1- 3 |  4- 6 || total
---------------------------+-------+-------++-------
   Fire: Shortbow          |   149 |    17 ||   166
    Use: Scroll            |     3 |       ||     3
         Potion            |     1 |       ||     1
 Armour: Leather armour    |    33 |     4 ||    37
  Dodge: Dodged            |    42 |     4 ||    46

Table legend:
 A = Non-vault XP
 B = Vault XP
 C = Vault XP percentage of total XP
 D = Non-vault monster count
 E = Vault monster count
 F = Vault count percentage of total count
                 A         B        C        D         E       F
            +---------+---------+-------+---------+---------+-------
      Total |      98 |       5 |   4.9 |      50 |       2 |   3.8
            +---------+---------+-------+---------+---------+-------
        D:1 |      56 |       0 |   0.0 |      33 |       0 |   0.0
        D:2 |      42 |       5 |  10.6 |      17 |       2 |  10.5
            +---------+---------+-------+---------+---------+-------
